 Dungeon Crawl Stone Soup version 0.31.0-9-g3a7656b989 (webtiles) character file.

Game seed: 11622953397296012798

443 PriceMaster the Sneak (level 7, 0/64 HPs)
             Began as an Octopode Fire Elementalist on Jan 25, 2024.
             Slain by a gnoll
             ... wielding a +0 whip
             ... led by a gnoll sergeant
              (7 damage)
             ... on level 6 of the Dungeon.
             The game lasted 00:07:11 (4272 turns).

PriceMaster the Sneak (Octopode Fire Elementalist)  Turns: 4272, Time: 00:07:12

Health: 0/64       AC: 23    Str:  7    XL:     7   Next: 2%
Magic:  4/12       EV:  2    Int: 20    God:
Gold:   321        SH:  0    Dex: 12    Spells: 10/13 levels left

rFire   + + .        r - +3 flail (distort)
rCold   + . .        (no shield)
rNeg    . . .        (helmet currently unavailable)
rPois   +            (no amulet)
rElec   +            e - ring of protection from fire
rCorr   +            (no ring)
SInv    .            (no ring)
Will    .....        (no ring)
Stlth   +++          (no ring)
HPRegen 0.30/turn    (no ring)
MPRegen 0.13/turn    (no ring)
                     (no ring)

%: no passive effects
@: mighty, tree-form, resistant, held
A: stationary, stasis, torment immunity, boosted hp, almost no armour,
(amphibious), 8 rings, (camouflage 1), (gelatinous body 1), (nimble swimmer 1),
(tentacles)
a: no special abilities


You were on level 6 of the Dungeon.
You were a tree.
You visited 1 branch of the dungeon, and saw 6 of its levels.

You collected 321 gold pieces.

Inventory:

Hand Weapons
 f - a +0 club
 i - a +0 short sword
 r - a +3 flail of distortion (weapon)
Jewellery
 e - a ring of protection from fire (left branch)
Wands
 a - a wand of quicksilver (7)
 k - a wand of roots (6)
 m - a wand of flame (5)
Scrolls
 d - 2 scrolls of amnesia {unknown}
 g - 2 scrolls of poison {unknown}
 h - a scroll of enchant armour {unknown}
 j - 3 scrolls of teleportation {unknown}
 l - a scroll of fog {unknown}
 n - a scroll of enchant weapon {unknown}
 q - a scroll of immolation {unknown}
 w - a scroll of revelation {unknown}
Potions
 b - 2 potions of curing
 u - a potion of enlightenment {unknown}
 v - a potion of brilliance
 x - a potion of ambrosia {unknown}
 z - a potion of degeneration {unknown}


   Skills:
 + Level 1.2 Fighting
 + Level 1.3 Short Blades
 + Level 1.0 Maces & Flails
 + Level 2.5 Dodging
 + Level 5.3 Stealth
 + Level 0.1 Unarmed Combat
 + Level 3.6 Spellcasting
 + Level 1.7 Conjurations
 + Level 4.7 Fire Magic


You had 10 spell levels left.
You knew the following spells:

 Your Spells              Type           Power      Damage    Failure   Level
a - Foxfire               Conj/Fire      64%        2x1d7     3%          1
b - Scorch                Fire           44%        2d6       2%          2

Your spell library contained the following spells:

 Spells                   Type           Power      Damage    Failure   Level
 Inner Flame              Hex/Fire       13%        N/A       16%         3
 Volatile Blastmotes      Fire/Tloc      26%        2d12      16%         3
 Flame Wave               Conj/Fire      16%        2d7       34%         4


Dungeon Overview and Level Annotations

Branches:
Dungeon (6/15)             Temple (0/1) D:5

Altars:
Ashenzari
Cheibriados
Fedhas
Okawaru
Wu Jian
Yredelemnul
The Shining One


Innate Abilities, Weirdness & Mutations

You are a tree.
Your roots penetrate the ground, keeping you stationary.
You cannot be teleported.
You are immune to unholy pain and torment.
Your maximum health is greatly increased.
You cannot wear most types of armour.
((You are amphibious.))
You can wear up to eight rings at the same time.
((Your skin changes colour to match your surroundings (Stealth+).))
((Your rubbery body absorbs attacks. (AC +1, EV +1)))
((You are camouflaged when in or above water. (Stealth+)))
((You have tentacles for arms and can constrict up to eight enemies at once.))


Message History

The gnoll hits you but does no damage. x2
The gnoll sergeant hits you but does no damage.
Casting: Scorch (safe; 3% risk of failure)
Press: ? - help, Q - select action, (/) - cycle Dir - look around, f - activate Flames lash the gnoll sergeant.
The gnoll sergeant is lightly wounded.
The gnoll sergeant's fire resistance burns away.
The foxfire hits the gnoll sergeant.
The gnoll sergeant is moderately wounded.
The foxfire hits the gnoll sergeant but does no damage.
The gnoll sergeant is moderately wounded.
The gnoll hits you but does no damage. The gnoll barely misses you.
The gnoll hits you from afar with a +2 halberd of protection.
The gnoll hits you but does no damage.
The gnoll sergeant hits you but does no damage.
Casting: Scorch (safe; 3% risk of failure)
Press: ? - help, Q - select action, (/) - cycle Dir - look around, f - activate Flames lash the gnoll.
The gnoll is heavily wounded.
The gnoll's fire resistance burns away.
The gnoll hits you from afar with a +0 spear.
The gnoll hits you but does no damage. The gnoll hits you with a +0 whip.
The gnoll hits you from afar with a +0 spear.
The gnoll sergeant hits you but does no damage.
Casting: Scorch (safe; 3% risk of failure)
Press: ? - help, Q - select action, (/) - cycle Dir - look around, f - activate Flames lash the gnoll.
You kill the gnoll!
The gnoll hits you from afar with a +2 halberd of protection!
* * * LOW HITPOINT WARNING * * *
The gnoll hits you with a +0 whip!
* * * LOW HITPOINT WARNING * * *
The gnoll hits you but does no damage.
The gnoll sergeant hits you but does no damage.
Okay, then.
You feel better.
The gnoll hits you from afar with a +2 halberd of protection!
* * * LOW HITPOINT WARNING * * *
The gnoll hits you but does no damage. The gnoll hits you with a +0 whip!
You die...

. ... .
#######....
....#..........
#...g♣g......
#..g......##.
..=..)ggB...#
..........###
....#.#.##.
....#.#.# ..
#+# #+#.# ..
..# ...


You could see a gnoll sergeant (combustible), 4 gnolls and a giant cockroach.

Vanquished Creatures
  A wight (D:4)
  A howler monkey (D:5)
  An orc priest (D:3)
  A hound (D:5)
  3 iguanas
  A scorpion zombie (D:2)
  Robin (D:4)
  A gnoll (D:6)
  6 adders
  A shadow imp (D:4)
  A white imp (D:5)
  3 ribbon worms
  7 orcs
  5 ball pythons
  4 bats
  8 endoplasms
  A giant cockroach (D:2)
  13 goblins
  6 hobgoblins
  5 jackals
  7 kobolds
  2 quokkas
  3 frilled lizards
  4 rats (D:2)
86 creatures vanquished.

Vanquished Creatures (others)
  110 foxfires
110 creatures vanquished.

Grand Total: 196 creatures vanquished

Notes
Turn   | Place    | Note
-------+----------+-------------------------------------------
     0 | D:1      | PriceMaster the Octopode Fire Elementalist began the quest
                  | for the Orb.
     0 | D:1      | Reached XP level 1. HP: 11/11 MP: 3/3
   343 | D:1      | Reached XP level 2. HP: 17/17 MP: 3/5
   629 | D:2      | Reached skill level 3 in Stealth
   672 | D:2      | Learned a level 2 spell: Scorch
   810 | D:2      | Reached XP level 3. HP: 16/21 MP: 2/6
   953 | D:2      | Reached XP level 4. HP: 9/27 MP: 4/7
  1682 | D:3      | Reached skill level 4 in Stealth
  1702 | D:3      | Reached XP level 5. HP: 5/32 MP: 5/8
  2229 | D:3      | Found an ornate altar of the Wu Jian Council.
  2740 | D:4      | Found a basalt altar of Yredelemnul.
  2781 | D:4      | Reached skill level 1 in Fighting
  2781 | D:4      | Reached skill level 1 in Short Blades
  2946 | D:4      | Noticed Robin
  2961 | D:4      | Killed Robin
  3099 | D:4      | Found a glowing golden altar of the Shining One.
  3113 | D:4      | Found a broken altar of Ashenzari.
  3124 | D:4      | Found an iron altar of Okawaru.
  3159 | D:4      | Reached skill level 5 in Stealth
  3159 | D:4      | Reached XP level 6. HP: 38/38 MP: 3/10
  3248 | D:4      | Found a snail-covered altar of Cheibriados.
  3501 | D:5      | Entered Level 5 of the Dungeon
  3677 | D:5      | Found a staircase to the Ecumenical Temple.
  4120 | D:5      | Found a blossoming altar of Fedhas.
  4130 | D:5      | Reached skill level 1 in Maces & Flails
  4130 | D:5      | Reached XP level 7. HP: 38/43 MP: 12/12
  4272 | D:6      | Slain by a gnoll

Illustrated notes

Levels and vault maps discovered:
D:1:      wander_arrival_abandoned_jail, layout_loops_ring, chequers_mini_garden
D:2:      layout_loops_ring, serial_undead, serial_undead_f, serial_undead_a,
          serial_undead_c, serial_undead_b, serial_undead_f, serial_undead_d,
          grunt_ministairs_2
D:3:      layout_basic, amcnicky_altar_gilded, serial_forest,
          infiniplex_forest_lined_3, infiniplex_forest_clump_long,
          infiniplex_forest_clump_medium, infiniplex_forest_clump_cross,
          infiniplex_forest_lined_corner, infiniplex_forest_lined_ring,
          infiniplex_forest_clump_large, infiniplex_forest_lined_3,
          kennysheep_decorative_pillar, serial_park_tiny_2,
          hangedman_decor_opposing, hangedman_feature_mirror, minmay_hedge_maze,
          serial_park_tiny_2
D:4:      layout_basic, nicolae_overflow_quartered_altars, lemuel_round_altar,
          kennysheep_cross_room, minmay_small_thing, uniq_robin
D:5:      layout_cave_pools, fedhas_altar_fruit_tree,
          minmay_temple_entry_gardened_gates, amcnicky_mini_pool_small
D:6:      layout_basic, lemuel_coloured_pillars_altar, portal_sewer_entry_f,
          minmay_misc_feat_roman, corexii_item_surrounded_by_moat,
          minmay_misc_feat_room

Skill      XL: |  1  2  3  4  5  6 |
---------------+-------------------+-----
Stealth        | 3 4 5 |  5.3
Fire Magic     | 4 |  4.7
Fighting       | 1 |  1.2
Short Blades   | 1 |  1.3
Spellcasting   | 3 |  3.6
Maces & Flails | 1 |  1.0
Dodging        | |  2.5
Unarmed Combat | |  0.1
Conjurations   | |  1.7

Action                     |  1- 3 |  4- 6 |  7- 9 || total
---------------------------+-------+-------+-------++-------
  Melee: Unarmed           |    13 |       |       ||    13
         Club              |     6 |       |       ||     6
         Constrict         |     7 |    12 |       ||    19
         Tentacles         |     5 |    10 |       ||    15
         Punch             |     1 |       |       ||     1
         Short sword       |    20 |    33 |       ||    53
         Flail             |       |    27 |       ||    27
   Cast: Foxfire           |    14 |    47 |     3 ||    64
         Scorch            |     6 |    13 |     3 ||    22
    Use: Potion            |     1 |     5 |     6 ||    12
         Scroll            |       |     4 |       ||     4
   Stab: Sleeping          |     4 |    13 |       ||    17
 Armour: Skin              |    21 |    36 |    44 ||   101
  Dodge: Dodged            |    28 |    46 |     8 ||    82
